AoeStats
← Juyhou

MegaRandom

507941249Analyzed
4v4 RM · 13d ago on Sep 20, 2026· 55m 19s· 8 players
Game mode
Random Map
Map size
Large (8 player)
Population
200
Speed
Normal
Resources
Standard
Victory
Conquest
Starting age
Dark Age
Ending age
Imperial Age
RankedLock teamsTeams togetherTeam positionsShared explorationLock speedFull tech treeHidden civsTurbo modeCheats
Victory
Defeat
🇦🇹 Spanish · Austria
1775
+12
🇩🇪 Tatars · Germany
1739
+13
🇦🇷 Gurjaras · Argentina
1704
+15
🇺🇸 Malians · United States
1556
+21
🇫🇮 Magyars · Finland
1799
-20
🇫🇮 Khmer · Finland
1737
-18
🇫🇮 Cumans · Finland
1595
-12
🇫🇮 Italians · Finland
1569
-11
Thundernips, The Ultimate Gigolo
3:49 Loom
11:36 Feudal Age
16:34 Castle Age
22:01 Imperial Age
20:10 Double-Bit Axe
22:04 Fervor
21:54 Horse Collar
23:45 Chemistry
24:20 Wheelbarrow
28:15 Padded Archer Armor
28:32 Guilds
31:03 Leather Archer Armor
33:37 Ring Archer Armor
42:51 Fletching
43:26 Ballistics
43:35 Murder Holes
44:08 Bodkin Arrow
45:31 Masonry
49:11 Thumb Ring
50:41 Guilds
52:49 Architecture
52:03 Treadmill Crane
52:38 Tigui
55:36 Conscription
55:35 Bow Saw
55:27 Heavy Plow
默默默默默
10:48 Feudal Age
14:22 Loom
16:10 Wheelbarrow
17:26 Double-Bit Axe
20:07 Castle Age
18:13 Horse Collar
18:41 Gold Mining
20:03 Bloodlines
20:56 Husbandry
20:55 Double-Bit Axe
22:32 Bow Saw
24:03 Scale Barding Armor
26:55 Heavy Plow
27:48 Hand Cart
32:40 Forging
32:52 Chain Barding Armor
32:43 Forging
35:47 Iron Casting
35:39 Chain Barding Armor
36:23 Gold Shaft Mining
37:08 Chain Barding Armor
38:08 Fletching
40:51 Imperial Age
40:11 Bodkin Arrow
41:16 Kshatriyas
40:54 Heavy Camel Rider
41:57 Conscription
42:39 Frontier Guards
42:39 Conscription
44:15 Plate Barding Armor
46:09 Bracer
46:07 Elite Shrivamsha Rider
47:24 Siege Elephant
51:56 Treadmill Crane
52:08 Guard Tower
AndyThePro
6:49 Loom
11:11 Feudal Age
16:10 Castle Age
14:39 Double-Bit Axe
17:06 Medium Warships
17:18 Bow Saw
17:22 Horse Collar
22:52 Wheelbarrow
28:47 Fletching
29:16 Padded Archer Armor
29:53 Hand Cart
30:02 Bodkin Arrow
30:30 Ballistics
33:22 Gold Mining
33:36 Husbandry
33:51 Bloodlines
34:17 Leather Archer Armor
37:11 Imperial Age
36:11 Leather Archer Armor
37:27 Silk Armor
37:58 Bracer
39:03 Chemistry
37:49 Heavy Cavalry Archer
39:38 Siege Engineers
40:46 Ring Archer Armor
41:06 Conscription
42:58 Timurid Siegecraft
47:03 Masonry
50:19 Gold Shaft Mining
49:34 Stone Mining
Fritz Fantom
5:05 Loom
9:29 Feudal Age
10:09 Double-Bit Axe
10:04 Horse Collar
13:21 Wheelbarrow
19:26 Castle Age
18:43 Bloodlines
18:58 Forging
21:06 Town Watch
22:31 Heavy Plow
24:25 Bow Saw
33:22 Imperial Age
32:04 Hand Cart
33:29 Husbandry
33:35 Scale Barding Armor
34:47 Iron Casting
33:36 Cavalier
35:44 Chain Barding Armor
36:28 Blast Furnace
36:11 Paladin
36:46 Onager
38:40 Plate Barding Armor
38:27 Conscription
46:47 Stone Mining
46:48 Gold Mining
47:59 Two-Man Saw
50:30 Chemistry
49:50 Ballistics
49:21 Fletching
49:32 Padded Archer Armor
49:48 Sappers
50:41 Supremacy
50:52 Bodkin Arrow
51:33 Masonry
54:39 Fortified Wall
55:00 Architecture
54:45 Bracer
54:58 Guard Tower
54:54 Arrowslits
Kaarlos
6:54 Loom
9:38 Feudal Age
10:14 Double-Bit Axe
13:20 Fletching
14:55 Horse Collar
22:22 Castle Age
23:02 Forging
24:19 Iron Casting
24:22 Medium Warships
26:13 Town Watch
36:03 Bow Saw
39:13 Clinker Construction
40:08 Heavy Plow
40:33 Masonry
40:59 Ballistics
43:35 Murder Holes
52:59 Gold Mining
53:00 Stone Mining
55:43 Wheelbarrow
55:08 Town Patrol
Juyhou
4:41 Loom
11:28 Feudal Age
12:18 Feudal Age
16:44 Castle Age
15:54 Double-Bit Axe
15:49 Horse Collar
17:33 Heavy Plow
17:43 Bow Saw
24:36 Wheelbarrow
25:34 Scale Barding Armor
26:23 Bloodlines
26:25 Gold Mining
27:14 Chain Barding Armor
27:19 Husbandry
33:08 Imperial Age
31:03 Town Watch
32:41 Hand Cart
33:38 Corvinian Army
34:15 Conscription
34:31 Plate Barding Armor
33:23 Elite Magyar Huszar
36:46 Onager
39:40 Town Patrol
40:00 Cavalier
41:40 Paladin
42:18 Capped Ram
44:49 Fletching
47:59 Ballistics
47:38 Bodkin Arrow
49:00 Bracer
50:01 Chemistry
49:36 Coinage
50:54 Masonry
Pyrrhos
7:09 Loom
9:24 Feudal Age
9:56 Double-Bit Axe
9:53 Horse Collar
16:19 Wheelbarrow
21:22 Castle Age
20:50 Stone Mining
20:52 Gold Mining
21:56 Bloodlines
21:52 Scale Barding Armor
21:37 Light Cavalry
22:48 Bow Saw
31:02 Pikeman
31:42 Squires
37:43 Imperial Age
36:35 Scale Mail Armor
36:45 Forging
36:22 Arson
37:49 Chain Mail Armor
37:56 Halberdier
39:17 Fletching
40:40 Plate Mail Armor
40:39 Bodkin Arrow
42:55 Iron Casting
43:35 Ballistics
44:15 Chemistry
46:10 Masonry
52:42 Hand Cart
52:49 Hand Cart
Ee-meili
8:51 Loom
11:00 Feudal Age
15:04 Castle Age
21:09 Double-Bit Axe
22:45 Bow Saw
24:30 Wheelbarrow
23:40 Town Watch
25:42 Hand Cart
25:59 Gold Mining
26:47 Pikeman
27:28 Squires
31:07 Imperial Age
29:32 Fletching
30:35 Scale Mail Armor
30:47 Forging
32:32 Chain Mail Armor
32:11 Town Watch
33:21 Ballistics
34:01 Chemistry
33:06 Bodkin Arrow
34:18 Bracer
34:33 Stone Mining
35:31 Plate Mail Armor
35:02 Padded Archer Armor
36:34 Two-Man Saw
36:55 Leather Archer Armor
37:16 Iron Casting
36:22 Elite Genoese Crossbowman
37:41 Stone Shaft Mining
39:01 Ring Archer Armor
39:32 Blast Furnace
39:33 Conscription
40:22 Pirotechnia
40:20 Scale Barding Armor
41:42 Shipwright
41:28 Siphons
42:55 Chain Barding Armor
43:47 Medium Warships
42:58 Demolition Ship
46:22 Plate Barding Armor
48:15 Coinage
49:27 Banking
51:21 Heavy Warships
51:22 Horse Collar
55:40 Hoardings
55:28 Masonry
54:58 Treadmill Crane
Connection lost

Rejoining the realm…

Still unreachable

The connection could not be restored.

Session expired

The server has moved on; the page needs a fresh start.